 Dungeon Sprint DCSS version 0.26-a0-1012-gedcf9b2963 (webtiles) character file.

Game seed: 13510193637835408974

196 Conn the Arsonist (level 5, -3/32 HPs)
             Began as an Octopode Fire Elementalist on Dec 7, 2020.
             Was an Initiate of Sif Muna.
             Slain by a polar bear (4 damage)
             ... in the Dungeon (Sprint II: "The Violet Keep of Menkaure").
             The game lasted 00:02:31 (144 turns).

Conn the Arsonist (Octopode Fire Elementalist)       Turns: 144, Time: 00:02:32

Health: -3/32      AC:  1    Str:  7    XL:     5   Next: 74%
Magic:  3/10       EV: 14    Int: 19    God:    Sif Muna [......]
Gold:   243        SH:  0    Dex: 12    Spells: 0/11 levels left

rFire    . . .     SeeInvis .     - Unarmed
rCold    . . .     Faith    .   (no shield)
rNeg     . . .     Spirit   .   (helmet restricted)
rPois    .         Reflect  .   (no amulet)
rElec    .         Harm     .   (no ring)
rCorr    .         Rampage  .   (no ring)
Will     .....     NoTele   +   (no ring)
Stlth    +++.......             (no ring)
HPRegen  0.10/turn              (no ring)
MPRegen  0.12/turn              (no ring)
                                (no ring)
                                (no ring)

@: lethally poisoned (-3 -> -10), slowed, very slow
A: almost no armour, stealthy swim, amphibious, 8 rings, constrict 8, camouflage
1, gelatinous body 1
a: Renounce Religion


You were in the Dungeon.
You worshipped Sif Muna.
Sif Muna was noncommittal.
You visited 1 branch You collected 243 gold pieces.

Inventory:

Scrolls
 g - a scroll of blinking
Potions
 b - a potion of curing
 c - a potion of heal wounds
 e - 2 potions of magic


   Skills:
 + Level 0.4 Fighting
 + Level 4.0 Dodging
 - Level 2.6 Stealth
 + Level 2.0 Unarmed Combat
 + Level 3.9 Spellcasting
 * Level 4.2 Conjurations
 * Level 9.3 Fire Magic


You couldn't memorise any spells.
You knew the following spells:

 Your Spells              Type           Power        Failure   Level
a - Foxfire               Conj/Fire      ####         1%          1
b - Conjure Flame         Conj/Fire      ####....     2%          3
c - Inner Flame           Hex/Fire       ###.....     6%          3
d - Sticky Flame          Conj/Fire      ####....     9%          4

Your spell library contained the following spells:

 Spells                   Type           Power        Failure   Level
 Fireball                 Conj/Fire      ####......   24%         5


Dungeon Overview and Level Annotations

Branches:
Dungeon (1/1)

Altars:
Cheibriados
Dithmenos
Elyvilon
Fedhas
Gozag
Hepliaklqana
Kikubaaqudgha
Makhleb
Nemelex Xobeh
Okawaru
Qazlal
Ru
Sif Muna
Trog
Uskayaw
Vehumet
Wu Jian
Xom
Yredelemnul
Zin
The Shining One
Beogh
Jiyva
Lugonu


Innate Abilities, Weirdness & Mutations

You cannot wear most types of armour.
You are very stealthy in the water. (Stealth+)
You are amphibious.
You can wear up to eight rings at the same time.
You can use your tentacles to constrict eight enemies at once.
Your skin changes colour to match your surroundings (Stealth+).
Your rubbery body absorbs attacks. (AC +1, EV +1)


Message History

The spell is quite dangerous to cast (9% risk of failure)!
Continue anyway?
Aiming: Sticky Flame (quite dangerous; 9% risk of failure)
Press: ? - help, Shift-Dir - straight line, f - hornet
Aim: a hornet (lightly wounded, 0% to evade)
The sticky flame hits the hornet.
The hornet is moderately wounded.
The hornet is covered in liquid flames!
You feel yourself speed up.
The hornet burns! x2; The hornet stings you!
* * * LOW HITPOINT WARNING * * *
You are poisoned.
You feel yourself slow down. The polar bear misses you.
The polar bear claws you.
* * * LOW HITPOINT WARNING * * *
The polar bear claws you.
* * * LOW HITPOINT WARNING * * *
The hornet closely misses you. The polar bear bites you.
* * * LOW HITPOINT WARNING * * *
The polar bear misses you. The polar bear claws you.
You die...

###≈≈§....≈#+########+##
#≈≈≈≈§≈≈..≈#....._._#§§≈
#≈≈≈≈≈§≈≈.≈#h..._._.#§≈≈
#≈≈≈≈≈§≈§§≈≈#..._._._#≈≈§
≈≈≈≈§≈§§§§≈≈#.._._._.#§§S
++#≈§≈≈§§§§§#._._._._#§≈≈
##§§≈###§§#_._._._.#§S§
## #§§#yh._._..#§§≈
#§≈#@._._._.#≈§§
§≈≈≈§§##########§§≈
#######≈≈≈≈≈≈≈≈≈≈§≈
§§;;###≈########≈▓▓
§§§;;##≈# ▓▓ §§§§;;+≈#
§§§§§#### §§≈§#


You could see 2 polar bears, a hornet (burning) and 6 electric eels.

Vanquished Creatures
  A water moccasin (D)
  4 worker ants (D)
5 creatures vanquished.

Vanquished Creatures (others)
  Menkaure (D)
  16 foxfires (D)
17 creatures vanquished.

Grand Total: 22 creatures vanquished

Notes
Turn   | Place    | Note
-------+----------+-------------------------------------------
     0 | D        | Conn the Octopode Fire Elementalist began the quest for the
                  | Orb.
     0 | D        | Reached XP level 1. HP: 11/11 MP: 3/3
     2 | D        | Noticed a worker ant
     2 | D        | Noticed a worker ant
     2 | D        | Noticed a worker ant
     2 | D        | Noticed a worker ant
     7 | D        | Killed a worker ant
     8 | D        | Reached skill level 5 in Fire Magic
     8 | D        | Reached XP level 2. HP: 17/17 MP: 2/5
     8 | D        | Reached XP level 3. HP: 21/21 MP: 2/6
    13 | D        | Reached skill level 6 in Fire Magic
    16 | D        | Reached XP level 4. HP: 21/27 MP: 2/8
    19 | D        | Reached skill level 1 in Unarmed Combat
    19 | D        | Reached skill level 7 in Fire Magic
    32 | D        | Learned a level 3 spell: Conjure Flame
    36 | D        | Learned a level 3 spell: Inner Flame
    43 | D        | Killed Menkaure
    48 | D        | Found a snail-covered altar of Cheibriados.
    49 | D        | Found a shadowy altar of Dithmenos.
    50 | D        | Found a white marble altar of Elyvilon.
    50 | D        | Found an ancient bone altar of Kikubaaqudgha.
    50 | D        | Found a roughly hewn altar of Beogh.
    50 | D        | Found a viscous altar of Jiyva.
    51 | D        | Found a blossoming altar of Fedhas.
    51 | D        | Found a corrupted altar of Lugonu.
    51 | D        | Found a shimmering blue altar of Sif Muna.
    51 | D        | Found a hazy altar of Hepliaklqana.
    51 | D        | Found a sacrificial altar of Ru.
    52 | D        | Found an opulent altar of Gozag.
    52 | D        | Found a burning altar of Makhleb.
    52 | D        | Found a bloodstained altar of Trog.
    53 | D        | Found a sparkling altar of Nemelex Xobeh.
    53 | D        | Found a hide-covered altar of Uskayaw.
    54 | D        | Found a basalt altar of Yredelemnul.
    55 | D        | Found an iron altar of Okawaru.
    55 | D        | Found a radiant altar of Vehumet.
    55 | D        | Found a glowing silver altar of Zin.
    55 | D        | Found a shimmering altar of Xom.
    56 | D        | Found a stormy altar of Qazlal.
    56 | D        | Found an ornate altar of the Wu Jian Council.
    56 | D        | Found a glowing golden altar of the Shining One.
    58 | D        | Noticed a water moccasin
    61 | D        | Noticed a water moccasin
    61 | D        | Noticed a water moccasin
    62 | D        | Became a worshipper of Sif Muna the Loreminder
    77 | D        | Killed a water moccasin
    78 | D        | Reached skill level 9 in Fire Magic
    78 | D        | Reached XP level 5. HP: 23/32 MP: 4/10
    83 | D        | Learned a level 4 spell: Sticky Flame
    85 | D        | Noticed a polar bear
    85 | D        | Noticed a polar bear
    86 | D        | Noticed a yaktaur
    86 | D        | Noticed a polar bear
    88 | D        | Noticed a hornet
   144 | D        | HP: 1/32 [polar bear (3)]
   144 | D        | Slain by a polar bear

Illustrated notes

Levels and vault maps discovered:
D:        the_violet_keep_of_menkaure [sprint2_stairs_cluster_1,
          sprint2_shoproom, sprint2_temple, sprint2_basic_supplies,
          sprint2_obstacle_3, sprint2_obstacle_7, sprint2_obstacle_2,
          sprint2_obstacle_4, sprint2_obstacle_5, sprint2_timed_cluster_1,
          sprint2_smallroom_cluster_1, sprint2_smallroom_final_cluster_1,
          sprint2_transparent_cluster_1, sprint2_second_timed_cluster_1,
          sprint2_sniper_area_1, sprint2_heavy_combat_area_1,
          sprint2_mutation_trap_area_1, sprint2_forest_area_1,
          sprint2_light_combat_area_1, sprint2_behind_water_1,
          sprint2_near_end_vault_1]

Skill      XL: |  1  2  3  4 |
---------------+-------------+-----
Conjurations   | 2 3 4 |  4.2
Fire Magic     | 5 6 9 |  9.3
Dodging        | 3 4 |  4.0
Spellcasting   | 3 |  3.9
Unarmed Combat | 2 |  2.0
Fighting       | |  0.4
Stealth        | |  2.6

Action                   |  1- 3 |  4- 6 || total
-------------------------+-------+-------++-------
Melee: Unarmed           |    10 |     3 ||    13
       Constrict         |     3 |       ||     3
       Tentacles         |     2 |       ||     2
 Cast: Foxfire           |     1 |     9 ||    10
       Sticky Flame      |       |     1 ||     1
  Use: Potion            |     2 |       ||     2
Dodge: Dodged            |     3 |     9 ||    12

Table legend: (Time is in decaauts)
 A = Elapsed time spent in this place.
 B = Non-inter-level travel time spent in this place.
 C = Inter-level travel time spent in this place.
 D = Time resting spent in this place.
 E = Time spent auto-exploring this place.
 F = Levels seen in this place.
 G = Mean time per level.
                   A        B        C        D        E       F      G
               +--------+--------+--------+--------+--------+-----+--------+
         Total |    136 |    136 |      0 |     41 |      0 |   1 |  136.0 |
       Dungeon |    136 |    136 |      0 |     41 |      0 |   1 |  136.0 |
               +--------+--------+--------+--------+--------+-----+--------+

Top non-repeatable levels by time:
       D: 136 daAuts
